 Dungeon Crawl Stone Soup version 0.19-a0-1493-gd0fcaa6 (webtiles) character file.

17784 dvd the Cleaver (level 12, -5/106 HPs)
             Began as a Minotaur Gladiator on Sept 9, 2016.
             Was a Follower of Uskayaw.
             Slain by an orc knight
             ... wielding a +2 battleaxe
              (38 damage)
             ... on level 2 of the Orcish Mines.
             The game lasted 00:50:35 (11402 turns).

dvd the Cleaver (Minotaur Gladiator)               Turns: 11402, Time: 00:50:36

Health: -5/106     AC: 16    Str: 23    XL:     12   Next: 21%
Magic:  15/15      EV: 12    Int:  5    God:    Uskayaw [*.....]
Gold:   862        SH:  0    Dex: 13    Spells: 0 memorised, 11 levels left

rFire  + + .     SeeInvis .     a - +1 war axe (flame)
rCold  . . .     Gourm    .     g - +0 chain mail
rNeg   . . .     Faith    .     (no shield)
rPois  +         Spirit   .     z - +1 hat
rElec  .         Dismiss  .     t - +0 cloak {rPois}
rCorr  .         Reflect  .     (no gloves)
MR     .....     Harm     .     O - +0 pair of boots
Stlth  ..........               x - amulet of regeneration
                                I - ring of protection from fire
                                j - ring of protection from fire

@: exhausted, about to teleport, slowed, very slow
A: retaliatory headbutt, horns 2, subdued magic 1
a: Stomp, Renounce Religion


You were on level 2 of the Orcish Mines.
You worshipped Uskayaw.
Uskayaw was noncommittal.
You were very hungry.

You visited 3 branches of the dungeon, and saw 14 of its levels.
You also visited: Volcano.

You collected 1198 gold pieces.
You spent 336 gold pieces at shops.

Inventory:

Hand Weapons
 a - a +1 war axe of flaming (weapon)
 b - a +0 shortbow
 c - a +2 flail of draining
 d - the +9 falchion of the Moon {drain, +Blink Int+2}
   (You found it on level 6 of the Dungeon)

   A truly terrible weapon, it drains the life of those it strikes.
   It affects your intelligence (+2).
   It lets you blink.
 v - a +2 long sword of flaming
 F - a +3 halberd of flaming
 R - a +2 long sword of holy wrath
Missiles
 m - 366 arrows
 y - 57 bolts
 A - 3 throwing nets (quivered)
 B - 174 sling bullets
Armour
 g - a +0 chain mail (worn)
 t - a +0 cloak of poison resistance (worn)
 z - a +1 hat (worn)
 G - a +3 leather armour of fire resistance
 J - a +2 leather armour of cold resistance
 O - a +0 pair of boots (worn)
Jewellery
 j - a ring of protection from fire (left hand)
 x - an amulet of regeneration (around neck)
 I - a ring of protection from fire (right hand)
 L - an uncursed amulet of dismissal
 M - an uncursed ring of ice
 T - a +2 ring of dexterity
Wands
 h - a wand of digging (8/24)
 s - a wand of iceblast (12/15)
 u - a wand of teleportation (9/9)
 D - a wand of lightning (8/15)
 Q - a wand of teleportation (3/9)
 Z - a wand of digging (6/24)
Scrolls
 e - 14 scrolls of identify
 i - 2 scrolls of recharging
 k - 4 scrolls of fog
 r - 5 scrolls of teleportation
 W - a scroll of remove curse
Potions
 n - 9 potions of curing
 w - a potion of might
 C - a potion of brilliance {unknown}
 K - 3 potions of flight
 P - a potion of haste
 Y - a potion of invisibility
Books
 X - a book of Beasts

   Spells                             Type                      Level
   a - Summon Butterflies             Summoning                    1
   b - Call Canine Familiar           Summoning                    3
   c - Summon Ice Beast               Ice/Summoning                4
   d - Summon Mana Viper              Hexes/Summoning              5
   e - Summon Hydra                   Summoning                    7
Comestibles
 f - 9 bread rations
 l - 5 chunks of flesh
 p - a slice of pizza
 q - 6 meat rations
 E - 3 beef jerkies
 H - 6 fruits
 S - 15 royal jellies


   Skills:
 + Level 10.2 Fighting
 + Level 1.7 Long Blades
 + Level 11.7(12.0) Axes
 + Level 4.3(8.8) Maces & Flails
 + Level 6.8 Bows
 + Level 2.6 Throwing
 + Level 11.3 Armour
 + Level 7.7 Dodging
 + Level 4.6 Stealth
 * Level 5.5 Invocations
 + Level 0.3 Evocations


You had 11 spell levels left.
You didn't know any spells.

Dungeon Overview and Level Annotations

Branches:
Dungeon (11/15)            Temple (1/1) D:7            Lair (0/6) D:10
    Orc (2/2) D:9             Elf (0/3) Orc:2

Altars:
Ashenzari
Cheibriados
Dithmenos
Elyvilon
Fedhas
Gozag
Hepliaklqana
Kikubaaqudgha
Makhleb
Nemelex Xobeh
Okawaru
Qazlal
Ru
Sif Muna
Trog
Uskayaw
Vehumet
Xom
Yredelemnul
Zin
The Shining One

Shops:
D:4 (   Orc:2 !


Innate Abilities, Weirdness & Mutations

You reflexively headbutt those who attack you in melee.
You have a pair of horns on your head.
Your spells are a little easier to cast, but a little less powerful.


Message History

The orc shouts!
An orc comes into view. It is wielding a falchion of flaming.
The orc shouts!
You hear a shout! x2
The orc knight roars a battlecry!
The orcs go into a battle-frenzy!
An orc knight comes into view. It is wielding a glaive.
The orc knight roars a battlecry!
The orcs go into a battle-frenzy!
The orc moves out of view.
The orc high priest hits you but does no damage.
You can no longer pass through a line of other dancers. 15 orcs come into view.
An orc is wielding a flail of protection.
Unknown command.
As you read the scroll of teleportation, it crumbles to dust.
You feel strangely unstable.
The orc warrior shouts!
The orc priest shouts!
The orc shouts! x2
The orc moves out of view.
The orc knight hits you with an enchanted battleaxe!!!
You die... .. ..o #.o .oo

.o# o.
...oo #o#.
...
###.#o###
#...oo@o#
#..#..o#.o#
#....o. o.#
...#..o
...#
.......
...#
...#o.o
....
.......
....# ###
...#...
....# ##.##
##...#


You could see 2 orc knights, an orc high priest, 5 orc warriors, 5 orc priests
and 7 orcs.

Vanquished Creatures
  A deep elf knight (Volcano)
  The ghost of Amnesiac the Quickloader, a novice KoHu of Okawaru (D:6)
  3 hill giants
  Pikel (D:6)
  5 deep elf magi (Volcano)
  A cyclops (Orc:1)
  3 orc sorcerers
  2 molten gargoyles (Volcano)
  The ghost of Amnesiac the Quickloader, a novice KoHu of Okawaru (D:3)
  3 trolls
  A queen bee (D:9)
  2 two-headed ogres (D:9)
  A wraith (D:10)
  A hungry ghost (D:9)
  6 wargs
  Edmund (D:4)
  11 orc warriors
  2 sky beasts
  A slave (D:6)
  A necrophage (D:8)
  A phantom (D:6)
  14 ogres
  4 eyes of draining
  2 ice beasts
  8 centaurs
  A big kobold (D:7)
  5 giant frogs
  A wyvern skeleton (D:9)
  2 scorpions
  26 killer bees (D:9)
  7 wights
  2 howler monkeys
  A lava snake (Volcano)
  3 centaur zombies
  2 crimson imps
  A quasit (D:8)
  6 jellies
  12 orc priests
  A hound (D:9)
  An iguana (D:9)
  7 worker ants
  28 orc wizards
  3 hound skeletons
  A worker ant zombie (D:5)
  11 gnolls
  14 adders
  2 shadow imps
  3 oozes
  An adder zombie (D:9)
  3 worms (D:4)
  3 dart slugs
  4 giant geckos
  63 orcs
  11 bats
  A giant cockroach (D:4)
  10 goblins
  12 hobgoblins
  11 jackals
  21 kobolds
  6 quokkas
  2 ball pythons (D:2)
  A giant gecko skeleton (D:4)
  A giant gecko zombie (D:5)
  3 giant newts
  A jackal skeleton (D:7)
  6 rats
377 creatures vanquished.

Vanquished Creatures (others)
  A gnoll (D:6)
  2 orcs
  A hobgoblin (D:6)
  A kobold (D:6)
5 creatures vanquished.

Grand Total: 382 creatures vanquished

Notes
Turn   | Place    | Note
-------+----------+-------------------------------------------
     0 | D:1      | dvd the Minotaur Gladiator began the quest for the Orb.
     0 | D:1      | Reached XP level 1. HP: 18/18 MP: 0/0
   271 | D:1      | Reached XP level 2. HP: 23/25 MP: 1/1
   901 | D:2      | Reached XP level 3. HP: 26/30 MP: 2/2
  1318 | D:2      | Found a deep blue altar of Sif Muna.
  1548 | D:3      | Found a blossoming altar of Fedhas.
  1548 | D:3      | Noticed Amnesiac's ghost (novice KoHu)
  1576 | D:3      | Killed Amnesiac's ghost
  1576 | D:3      | Reached XP level 4. HP: 33/40 MP: 3/3
  1576 | D:3      | Reached XP level 5. HP: 38/46 MP: 4/4
  1576 | D:3      | Reached XP level 6. HP: 43/52 MP: 5/5
  2351 | D:4      | Found a blossoming altar of Fedhas.
  2797 | D:4      | Noticed Edmund
  2811 | D:4      | Killed Edmund
  2811 | D:4      | Reached XP level 7. HP: 48/60 MP: 6/6
  3149 | D:4      | Found Lintug's Weapon Shoppe.
  3233 | D:5      | Entered Level 5 of the Dungeon
  3355 | D:5      | Reached skill level 5 in Fighting
  3526 | D:5      | Reached skill level 5 in Armour
  3557 | D:5      | Reached skill level 5 in Dodging
  3763 | D:5      | Reached XP level 8. HP: 67/68 MP: 7/7
  3941 | D:5      | Identified a scroll of acquirement
  4014 | D:6      | Got an ebony falchion
  4070 | D:6      | Reached skill level 1 in Maces & Flails
  4277 | D:6      | Reached skill level 1 in Bows
  4438 | D:6      | Noticed Amnesiac's ghost (novice KoHu)
  4559 | D:6      | Killed Amnesiac's ghost
  4559 | D:6      | Reached XP level 9. HP: 49/75 MP: 8/8
  4767 | D:6      | Noticed Pikel
  4780 | D:6      | Killed Pikel
  5360 | D:7      | Found a bloodstained altar of Trog.
  5594 | D:7      | Found a staircase to the Ecumenical Temple.
  5603 | Temple   | Entered the Ecumenical Temple
  5674 | Temple   | Became a worshipper of Uskayaw the Reveler
  5740 | D:7      | Reached skill level 1 in Stealth
  5740 | D:7      | Reached * piety under Uskayaw
  5792 | D:7      | Reached ** piety under Uskayaw
  5795 | D:7      | HP: 1/79 [ogre/giant spiked club (24)]
  5795 | D:7      | Reached *** piety under Uskayaw
  5843 | D:7      | Reached skill level 5 in Bows
  5940 | D:7      | Reached **** piety under Uskayaw
  5942 | D:7      | Reached ***** piety under Uskayaw
  6148 | D:7      | Reached XP level 10. HP: 88/88 MP: 9/9
  6616 | D:8      | Noticed a hill giant
  6794 | D:8      | Killed a hill giant
  6892 | D:8      | Found a glowing golden altar of the Shining One.
  7075 | D:7      | Identified the +9 falchion of the Moon {drain, +Blink Int+2} (You found it on level 6 of the Dungeon)
  7450 | D:8      | Found a sparkling altar of Nemelex Xobeh.
  7839 | D:9      | Reached skill level 10 in Axes
  7874 | D:9      | Found a burning altar of Makhleb.
  7879 | D:9      | Noticed a balrug
  7883 | D:9      | Found a glowing silver altar of Zin.
  7883 | D:9      | Noticed an angel
  7917 | D:9      | Reached skill level 1 in Invocations
  8024 | D:9      | HP: 4/90 [killer bee (7)]
  8133 | D:9      | Reached skill level 1 in Long Blades
  8174 | D:9      | Reached skill level 10 in Armour
  8323 | D:9      | Reached XP level 11. HP: 90/95 MP: 11/11
  8417 | D:9      | Found a staircase to the Orcish Mines.
  8664 | D:9      | Found a basalt altar of Yredelemnul.
  8748 | D:10     | Entered Level 10 of the Dungeon
  8748 | D:10     | Noticed a hill giant
  8761 | D:10     | Killed a hill giant
  8853 | D:10     | Found a staircase to the Lair.
  9093 | D:10     | Noticed a hill giant
  9106 | D:10     | Killed a hill giant
  9432 | D:11     | Noticed a skeletal warrior
  9433 | D:11     | Noticed a skeletal warrior
  9433 | D:11     | Noticed a skeletal warrior
  9434 | D:11     | Noticed a skeletal warrior
  9435 | D:11     | Noticed a skeletal warrior
  9614 | Orc:1    | Entered Level 1 of the Orcish Mines
  9778 | Orc:1    | Found a dark tunnel.
  9782 | Orc:1    | You fall through a shaft!
  9782 | Orc:2    | Entered Level 2 of the Orcish Mines
 10117 | Orc:1    | Noticed an orc knight
 10239 | Volcano  | Entered a volcano
 10574 | Volcano  | Found a burning altar of Makhleb.
 10574 | Volcano  | Noticed a deep elf mage
 10574 | Volcano  | Noticed a deep elf mage
 10574 | Volcano  | Noticed a deep elf mage
 10574 | Volcano  | Noticed a deep elf knight
 10583 | Volcano  | Killed a deep elf knight
 10586 | Volcano  | Killed a deep elf mage
 10588 | Volcano  | Killed a deep elf mage
 10593 | Volcano  | Killed a deep elf mage
 10644 | Volcano  | Noticed a deep elf mage
 10647 | Volcano  | Killed a deep elf mage
 10647 | Volcano  | Reached skill level 5 in Invocations
 10704 | Volcano  | Noticed a deep elf mage
 10710 | Volcano  | Killed a deep elf mage
 10710 | Volcano  | Reached XP level 12. HP: 86/106 MP: 14/14
 10751 | Volcano  | Reached skill level 10 in Fighting
 11152 | Orc:1    | Paralysed by an orc sorcerer for 7 turns
 11186 | Orc:2    | Gained mutation: Your spells are a little easier to cast, but a little less powerful. [a neqoxec]
 11305 | Orc:2    | Found a staircase to the Elven Halls.
 11357 | Orc:2    | Found Zoun's Distillery.
 11381 | Orc:2    | Bought a potion of heal wounds for 80 gold pieces
 11381 | Orc:2    | Bought a potion of curing for 48 gold pieces
 11381 | Orc:2    | Bought a potion of curing for 48 gold pieces
 11381 | Orc:2    | Bought a potion of haste for 160 gold pieces
 11393 | Orc:2    | Noticed an orc high priest
 11402 | Orc:2    | Noticed an orc high priest
 11402 | Orc:2    | Slain by an orc knight

Vault maps used:
D:1:      dpeg_arrival_more_subterranean_lakeside_camping
D:2:      lemuel_blue_sif_altar, kennysheep_nondescript
D:3:      lemuel_doored_altar, minmay_misc_feat_ornament
D:4:      serial_shops, shop, first_bread, fedhas_altar_3, uniq_edmund
D:6:      corexii_shantytown, minivault_11, uniq_pikel
D:7:      trog_eyes_of_draining
D:8:      tso_metal_star, kennysheep_mini
D:9:      kennysheep_little_box, grunt_temple_overflow_order_and_chaos_2,
          orc_0_dummy
D:10:     erik_lair_orcish_takeover
Temple:   jpeg_temple_clearing
Orc:1:    enter_volcano_2
Orc:2:    st_orc_pillars, serial_shops, nicolae_shop_waterfront
Volcano:  volcano_lake

Skill      XL: |  1  2  3  4  5  6  7  8  9 10 11 12 |
---------------+-------------------------------------+-----
Axes           | 4 6 7 8 9 10 11 | 11.7
Fighting       | 3 4 5 6 7 8 9 10 | 10.2
Armour         | 2 3 5 7 8 10 11 | 11.3
Dodging        | 4 5 6 7 |  7.7
Maces & Flails | 2 3 4 |  4.3
Bows           | 3 5 6 |  6.8
Stealth        | 1 2 4 |  4.6
Invocations    | 2 5 |  5.5
Long Blades    | 1 |  1.7
Throwing       | |  2.6
Evocations     | |  0.3

Action                   |  1- 3 |  4- 6 |  7- 9 | 10-12 || total
-------------------------+-------+-------+-------+-------++-------
Melee: War axe           |   116 |    67 |   197 |   385 ||   765
       Headbutt          |    12 |    15 |    66 |   105 ||   198
       Flail             |       |       |   100 |    19 ||   119
       Dire flail        |       |       |    48 |       ||    48
       Spear             |       |       |     5 |       ||     5
       Falchion          |       |       |       |    84 ||    84
       Long sword        |       |       |       |    14 ||    14
       Great sword       |       |       |       |     1 ||     1
 Fire: Shortbow          |       |       |    43 |    49 ||    92
Throw: Throwing net      |       |       |     1 |       ||     1
Invok: Stomp             |       |       |       |     4 ||     4
       Line Pass         |       |       |       |     4 ||     4
Evoke: Wand              |       |       |     1 |     2 ||     3
  Use: Potion            |     1 |       |     6 |     6 ||    13
       Scroll            |       |     1 |    13 |     9 ||    23
 Stab: Paralysed         |       |       |     2 |    38 ||    40
  Eat: Chunk             |     2 |     4 |    11 |    18 ||    35
       Royal jelly       |       |       |       |     1 ||     1
       Pizza             |       |       |       |     1 ||     1
Armor: Chain mail        |    83 |    23 |   200 |   295 ||   601
Dodge: Dodged            |    54 |    26 |   163 |   398 ||   641
